[Event "27th CRO-chT 1A-Men 2018"]
[Site "Biograd"]
[Date "2018.09.10"]
[Round "3.9"]
[White "Muse, Drazen"]
[Black "Zivkovic, Vjekoslav"]
[Result "1/2-1/2"]
[ECO "D79"]
[WhiteElo "2352"]
[BlackElo "2358"]
[Annotator "RC"]
[PlyCount "46"]
[EventDate "2018.09.08"]
[EventType "team-tourn"]
[EventCountry "CRO"]
[SourceTitle "playchess.com"]
[Source "ChessBase"]
[SourceQuality "1"]
[TimeControl "40/5400+30:1800+30"]

1. d4 Nf6 2. c4 g6 3. g3 c6 4. Nf3 Bg7 5. Bg2 d5 6. cxd5 cxd5 7. Nc3 O-O 8. Ne5 e6 9. O-O Nfd7 10. Nf3 Nc6 11. Bf4 Nf6 12. Ne5 Bd7 13. Qd2 Nxe5 14. Bxe5 Bc6 15. Rac1 Rc8 16. Rc2 Ne4 17. Nxe4 dxe4 18. Bxg7 Kxg7 19. Rfc1 Qd7 20. Qe3 Rfd8 21. Bxe4 Bxe4 22. Qxe4 Rxc2 23. Rxc2 Qxd4 1/2-1/2

[Event "27th CRO-chT 1A-Men 2018"]
[Site "Biograd"]
[Date "2018.09.10"]
[Round "3.10"]
[White "Mrkonjic, Nenad"]
[Black "Zovko, Mario"]
[Result "1-0"]
[ECO "D38"]
[WhiteElo "2352"]
[BlackElo "2328"]
[Annotator "ChessBase"]
[PlyCount "143"]
[EventDate "2018.09.08"]
[EventType "team-tourn"]
[EventCountry "CRO"]
[SourceTitle "playchess.com"]
[Source "ChessBase"]
[SourceQuality "1"]
[TimeControl "40/5400+30:1800+30"]

1. d4 d5 2. c4 e6 3. Nc3 Nf6 4. Nf3 Bb4 5. a3 Bxc3+ 6. bxc3 O-O 7. Bg5 h6 8. Bxf6 Qxf6 9. e3 Nd7 10. Be2 dxc4 11. Bxc4 c5 12. O-O e5 13. Qb3 cxd4 14. cxd4 exd4 15. Nxd4 Nc5 16. Qb4 b6 17. Bd5 Bb7 18. Bxb7 Nxb7 19. a4 Rfc8 20. Qb5 Na5 21. Rac1 Qd8 22. Nf5 Qf6 23. Rfd1 Rd8 24. Nd4 Qd6 25. Rc3 Rac8 26. Rdc1 Rxc3 27. Rxc3 Nb7 28. Rc6 Qd7 29. g3 Na5 30. Rc3 Qb7 31. Qe5 f6 32. Qe6+ Kh8 33. h4 Qd7 34. Qe4 Rc8 35. Rxc8+ Qxc8 36. Qe7 Nc6 37. Nxc6 Qxc6 38. Qxa7 Kh7 39. Qa6 Qc1+ 40. Qf1 Qc5 41. Qb1+ Kg8 42. Qe4 Qc1+ 43. Kg2 Qc5 44. Qe8+ Kh7 45. Qe6 Kh8 46. Qe8+ Kh7 47. Qb5 Qc7 48. Qd5 Qc2 49. Qd4 Qb1 50. Qc4 Kh8 51. h5 Qf5 52. g4 Qd7 53. Qe4 Qd6 54. Qd4 Qc6+ 55. e4 Qe6 56. Kg3 Qc6 57. f4 Qc1 58. e5 Qe1+ 59. Qf2 Qc3+ 60. Qf3 Qe1+ 61. Kh3 fxe5 62. fxe5 Qxe5 63. Qf8+ Kh7 64. Qf5+ Qxf5 65. gxf5 Kg8 66. Kg4 Kf7 67. Kf3 Ke7 68. Ke3 Kf6 69. Ke4 Kg5 70. Kd5 Kxh5 71. Kc6 Kg5 72. Kxb6 1-0

[Event "27th CRO-chT 1A-Men 2018"]
[Site "Biograd"]
[Date "2018.09.10"]
[Round "3.11"]
[White "Cosic, Marin"]
[Black "Feletar, Darko"]
[Result "1/2-1/2"]
[ECO "E61"]
[WhiteElo "2227"]
[BlackElo "2364"]
[Annotator "ChessBase"]
[PlyCount "23"]
[EventDate "2018.09.08"]
[EventType "team-tourn"]
[EventCountry "CRO"]
[SourceTitle "playchess.com"]
[Source "ChessBase"]
[SourceQuality "1"]
[TimeControl "40/5400+30:1800+30"]

1. d4 Nf6 2. Nf3 b6 3. Bf4 Bb7 4. e3 g6 5. Be2 Bg7 6. O-O O-O 7. c4 d6 8. Nc3 Nbd7 9. Qc2 Qe8 10. Rad1 a6 11. e4 e5 12. dxe5 1/2-1/2

[Event "27th CRO-chT 1A-Men 2018"]
[Site "Biograd"]
[Date "2018.09.10"]
[Round "3.12"]
[White "Jukic, Branimir"]
[Black "Zivkovic, Nikola"]
[Result "1-0"]
[ECO "B99"]
[WhiteElo "2377"]
[BlackElo "2144"]
[Annotator "NA"]
[PlyCount "73"]
[EventDate "2018.09.08"]
[EventType "team-tourn"]
[EventCountry "CRO"]
[SourceTitle "playchess.com"]
[Source "ChessBase"]
[SourceQuality "1"]
[TimeControl "40/5400+30:1800+30"]

1. e4 c5 2. Nf3 d6 3. d4 cxd4 4. Nxd4 Nf6 5. Nc3 a6 6. Bg5 e6 7. f4 Be7 8. Qf3 Qc7 9. O-O-O Nbd7 10. g4 {[%emt 0:00:30] LiveBook: 1232 Partien} b5 11. Bxf6 Nxf6 12. g5 Nd7 13. f5 Nc5 14. f6 gxf6 15. gxf6 Bf8 16. Rg1 b4 17. Nd5 Qb7 $18 (17... exd5 $16 {war angesagt.} 18. exd5 Nd7 19. Re1+ Ne5) 18. Rg7 e5 19. Nf5 Bxf5 20. Qxf5 Ne6 21. Qxe6+ fxe6 22. Rxb7 exd5 23. Rxd5 Bh6+ 24. Kd1 Rd8 25. Bxa6 Bg5 26. f7+ Kf8 27. Bc4 h5 28. Rd3 Bf4 29. Ke2 Rh6 30. h3 Rg6 31. Rxb4 Rg2+ 32. Kf1 Rxc2 33. Rxd6 Rc8 34. b3 Rxa2 35. Rb7 Rca8 36. Rg6 Ra1+ 37. Kf2 1-0

[Event "27th CRO-chT 1A-Men 2018"]
[Site "Biograd"]
[Date "2018.09.10"]
[Round "3.17"]
[White "Brnas, Augustin"]
[Black "Golubovic, Boris"]
[Result "1/2-1/2"]
[ECO "B46"]
[WhiteElo "2190"]
[BlackElo "2386"]
[Annotator "NA"]
[PlyCount "32"]
[EventDate "2018.09.08"]
[EventType "team-tourn"]
[EventCountry "CRO"]
[SourceTitle "playchess.com"]
[Source "ChessBase"]
[SourceQuality "1"]
[TimeControl "40/5400+30:1800+30"]

1. e4 c5 2. Nf3 Nc6 3. d4 cxd4 4. Nxd4 e6 5. Nc3 a6 6. Nxc6 bxc6 7. Bd3 d5 8. O-O Nf6 9. Qf3 Be7 10. e5 Nd7 11. Qg3 g6 12. Bh6 {[%emt 0:03:30] LiveBook: 22 Games} c5 13. b3 Bb7 $11 14. Rfe1 Bf8 15. Bxf8 Kxf8 16. Rad1 Kg7 1/2-1/2

[Event "27th CRO-chT 1A-Men 2018"]
[Site "Biograd"]
[Date "2018.09.10"]
[Round "3.18"]
[White "Petrov, Jole"]
[Black "Separovic, Tomislav"]
[Result "1-0"]
[ECO "A09"]
[WhiteElo "2397"]
[BlackElo "2153"]
[Annotator "NA"]
[PlyCount "103"]
[EventDate "2018.09.08"]
[EventType "team-tourn"]
[EventCountry "CRO"]
[SourceTitle "playchess.com"]
[Source "ChessBase"]
[SourceQuality "1"]
[TimeControl "40/5400+30:1800+30"]

1. Nf3 d5 2. g3 Nf6 3. Bg2 c5 4. c4 d4 5. d3 Nc6 6. O-O e5 7. e3 Be7 8. exd4 exd4 9. Bf4 O-O 10. Ne5 Nxe5 11. Bxe5 Bd6 {[%emt 0:00:30] A09: Réti Opening: 1 Nf3 d5 2 c4} (11... Ng4 12. Re1 Nxe5 13. Rxe5 Bd6 14. Re1 Bf5 15. Qc2 Qd7 16. Nd2 Rae8 17. Ne4 b6 18. f4 Re7 19. Qf2 Rfe8 {½-½ (37) Caruana,F (2823)-Anand,V (2779) Saint Louis 2016}) 12. Bxf6 {[%emt 0:04:30] LiveBook: 19 Partien} Qxf6 13. Nd2 Qd8 14. f4 Rb8 $146 ({Predecessor:} 14... g6 15. Bd5 Rb8 16. Qf3 Kh8 17. Rfe1 b6 18. Ne4 Be7 19. Re2 {½-½ (27) Martinovic,S (2475)-Janosevic,D (2440) Skender Vakuf (Knezevo) 1980}) 15. f5 f6 16. Bd5+ Kh8 17. Ne4 b6 18. Qf3 Be5 19. Rae1 Qc7 20. Re2 Bb7 21. Bxb7 Qxb7 22. Rfe1 Qd7 23. Ng5 fxg5 24. Rxe5 Rbe8 25. Qe4 Rxe5 26. Qxe5 h6 27. g4 Qa4 28. a3 Qc2 29. Qe7 Kg8 30. Qe6+ Kh8 31. Qe2 Qa4 32. Qe7 Kg8 33. Qe6+ Kh8 34. Qg6 Qd7 35. b4 Kg8 {[%emt 0:25:04] [#]} (35... Qc7 $1 $11 {keeps the balance.}) 36. b5 $1 Kh8 37. Re4 Kg8 38. Qe6+ $2 (38. Kf2 $18) 38... Qf7 $18 (38... Qxe6 $14 39. Rxe6 h5) 39. Kg2 Kh8 40. Qxf7 Rxf7 41. Re6 Kg8 42. Kf3 Kf8 43. Ke4 Rd7 44. Ke5 Kf7 45. f6 Kg6 46. a4 Rf7 47. fxg7+ Kxg7 48. Kd5 Rf3 49. Re7+ Kf8 50. Rxa7 Rxd3 51. a5 bxa5 52. b6 1-0

[Event "27th CRO-chT 1A-Men 2018"]
[Site "Biograd"]
[Date "2018.09.10"]
[Round "3.23"]
[White "Loncar, Robert"]
[Black "Dutina, Dario"]
[Result "1/2-1/2"]
[ECO "D30"]
[WhiteElo "2409"]
[BlackElo "2245"]
[Annotator "ChessBase"]
[PlyCount "96"]
[EventDate "2018.09.08"]
[EventType "team-tourn"]
[EventCountry "CRO"]
[SourceTitle "playchess.com"]
[Source "ChessBase"]
[SourceQuality "1"]
[TimeControl "40/5400+30:1800+30"]

1. d4 e6 2. Nf3 d5 3. c4 c6 4. Bg5 Bb4+ 5. Nc3 f6 6. Bd2 Ne7 7. Qb3 Ba5 8. g3 Nf5 9. e3 Nd6 10. cxd5 exd5 11. Bg2 O-O 12. O-O Kh8 13. Rfe1 Nd7 14. Qc2 Nb6 15. Nh4 Nbc4 16. Bc1 g5 17. Nf3 Bf5 18. Qb3 Qd7 19. Nd2 b5 20. Nxc4 bxc4 21. Qa4 Bxc3 22. bxc3 Rfe8 23. Ba3 Ne4 24. Rac1 g4 25. Re2 Rab8 26. Rb2 Rxb2 27. Bxb2 Ng5 28. Ba3 Rb8 29. Bb4 Be4 30. Bxe4 Nxe4 31. Qc2 Kg7 32. Rb1 Qf5 33. Rb2 Rb6 34. Qa4 Qd7 35. Qa3 Qb7 36. Bf8+ Kf7 37. Rxb6 axb6 38. Bh6 c5 39. Kg2 Kg6 40. Bf4 Kf7 41. Qb2 Qa6 42. dxc5 Nxc5 43. h3 h5 44. hxg4 hxg4 45. Qb1 Nd3 46. Qh1 Qxa2 47. Qh7+ Ke8 48. Qg8+ Ke7 1/2-1/2

[Event "27th CRO-chT 1A-Men 2018"]
[Site "Biograd"]
[Date "2018.09.12"]
[Round "5.3"]
[White "Muse, Drazen"]
[Black "Martinovic, Sasa"]
[Result "1-0"]
[ECO "D43"]
[WhiteElo "2352"]
[BlackElo "2567"]
[Annotator "RC"]
[PlyCount "73"]
[EventDate "2018.09.08"]
[EventType "team-tourn"]
[EventCountry "CRO"]
[SourceTitle "playchess.com"]
[Source "ChessBase"]
[SourceQuality "1"]
[TimeControl "40/5400+30:1800+30"]

1. d4 Nf6 2. Nf3 d5 3. c4 e6 4. Nc3 c6 5. Qb3 Nbd7 6. g3 Nb6 7. cxd5 exd5 8. Bg2 Be7 9. O-O O-O 10. Bf4 Nh5 11. Bd2 Nc4 12. Rad1 Qb6 13. e4 Qxb3 14. axb3 Nxb2 15. Rb1 dxe4 16. Nxe4 Bf5 17. Ne5 f6 18. Nxc6 bxc6 19. Rxb2 g5 20. Nc5 Rfc8 21. Ra1 Bxc5 22. dxc5 Bd3 23. Bc3 Bb5 24. Bf3 Ng7 25. Rd2 Rc7 26. Re1 f5 27. h3 a6 28. Rd6 Ne8 29. Rde6 Ng7 30. Re7 Raa7 31. Re8+ Kf7 32. Rh8 Kg6 33. g4 Re7 34. Rd1 Ne8 35. Rd8 Nf6 36. Rd6 Rf7 37. Rg8+ 1-0

[Event "27th CRO-chT 1A-Men 2018"]
[Site "Biograd"]
[Date "2018.09.12"]
[Round "5.15"]
[White "Lalic, Bogdan"]
[Black "Zivkovic, Vjekoslav"]
[Result "1/2-1/2"]
[ECO "D27"]
[WhiteElo "2403"]
[BlackElo "2358"]
[Annotator "NA"]
[PlyCount "21"]
[EventDate "2018.09.08"]
[EventType "team-tourn"]
[EventCountry "CRO"]
[SourceTitle "playchess.com"]
[Source "ChessBase"]
[SourceQuality "1"]
[TimeControl "40/5400+30:1800+30"]

1. d4 d5 2. c4 dxc4 3. e3 Nf6 4. Bxc4 e6 5. Nf3 c5 6. O-O a6 7. Bd3 Nc6 8. Nc3 Be7 9. dxc5 Bxc5 10. a3 O-O 11. Qe2 1/2-1/2

[Event "27th CRO-chT 1A-Men 2018"]
[Site "Biograd"]
[Date "2018.09.12"]
[Round "5.17"]
[White "Loncar, Robert"]
[Black "Feletar, Darko"]
[Result "1-0"]
[ECO "A04"]
[WhiteElo "2409"]
[BlackElo "2364"]
[Annotator "ChessBase"]
[PlyCount "71"]
[EventDate "2018.09.08"]
[EventType "team-tourn"]
[EventCountry "CRO"]
[SourceTitle "playchess.com"]
[Source "ChessBase"]
[SourceQuality "1"]
[TimeControl "40/5400+30:1800+30"]

1. Nf3 c5 2. g3 g6 3. d4 cxd4 4. Qxd4 Nf6 5. Bg2 Bg7 6. O-O Nc6 7. Qh4 h6 8. Rd1 d6 9. Qa4 Bd7 10. Qb3 Rb8 11. c3 Be6 12. Qa4 b5 13. Qf4 g5 14. Qd2 Bd7 15. h4 Qb6 16. hxg5 Ng4 17. Qe1 hxg5 18. Bxg5 b4 19. Nbd2 bxc3 20. bxc3 Bxc3 21. Rac1 Qa5 22. Qf1 Nce5 23. Bh4 Bxd2 24. Nxd2 Ba4 25. Nb3 Bxb3 26. axb3 Ng6 27. Rd5 Qb6 28. Bg5 Qxb3 29. Qe1 Qb6 30. Rdd1 Rd8 31. Rb1 Qc5 32. Rd5 Qc2 33. Rb7 Rh2 34. Bf3 N6e5 35. Rxe7+ Kf8 36. Rexe5 1-0

[Event "27th CRO-chT 1A-Men 2018"]
[Site "Biograd"]
[Date "2018.09.12"]
[Round "5.29"]
[White "Medak, Bojan"]
[Black "Dutina, Dario"]
[Result "0-1"]
[ECO "A29"]
[WhiteElo "2367"]
[BlackElo "2245"]
[Annotator "NA"]
[PlyCount "56"]
[EventDate "2018.09.08"]
[EventType "team-tourn"]
[EventCountry "CRO"]
[SourceTitle "playchess.com"]
[Source "ChessBase"]
[SourceQuality "1"]
[TimeControl "40/5400+30:1800+30"]

1. c4 e5 2. Nc3 Nf6 3. Nf3 Nc6 4. g3 Bb4 5. Bg2 O-O 6. O-O Bxc3 7. bxc3 d6 8. d3 h6 9. e4 Be6 10. Nh4 Ne7 11. f4 exf4 12. gxf4 Ng6 13. Nf3 Bg4 14. Qe1 Nh5 15. f5 Ngf4 16. Bxf4 Nxf4 17. Qe3 g5 18. fxg6 fxg6 19. Rab1 b6 20. Rb2 Qf6 21. Rc2 Rf7 22. e5 Re8 23. d4 dxe5 24. Rcf2 Bxf3 25. Bxf3 Nh3+ 26. Kg2 Nxf2 27. Bd5 Ng4 28. Qe2 Ne3+ 0-1

[Event "27th CRO-chT 1A-Men 2018"]
[Site "Biograd"]
[Date "2018.09.12"]
[Round "5.30"]
[White "Bozinovic, Bogdan"]
[Black "Filipovic, Marko"]
[Result "0-1"]
[ECO "D93"]
[WhiteElo "2229"]
[BlackElo "2321"]
[Annotator "ChessBase"]
[PlyCount "90"]
[EventDate "2018.09.08"]
[EventType "team-tourn"]
[EventCountry "CRO"]
[SourceTitle "playchess.com"]
[Source "ChessBase"]
[SourceQuality "1"]
[TimeControl "40/5400+30:1800+30"]

1. d4 d5 2. c4 c6 3. Nf3 Nf6 4. Nc3 g6 5. Bf4 Bg7 6. e3 O-O 7. h3 Ne4 8. Qb3 Nxc3 9. bxc3 Qa5 10. Be2 dxc4 11. Bxc4 b5 12. Be2 Be6 13. Qb2 Nd7 14. a4 bxa4 15. O-O Nb6 16. Rfc1 Rac8 17. Qa3 c5 18. Rab1 Bc4 19. Bd1 Bd3 20. Ra1 Nd5 21. Bxa4 cxd4 22. cxd4 Rxc1+ 23. Qxc1 Nxf4 24. exf4 Qb6 25. Qc3 Bf5 26. Ne5 Rc8 27. Qb3 Qxd4 28. Rd1 Qxf4 29. Nxf7 e6 30. Nd6 Rc1 31. Nxf5 Rxd1+ 32. Qxd1 Qxf5 33. Qd8+ Bf8 34. Bd7 Qe5 35. Qe8 Qe1+ 36. Kh2 Qxf2 37. Bxe6+ Kg7 38. Qd7+ Kh8 39. Bd5 Bc5 40. Qe6 Qf4+ 41. Kh1 Kg7 42. Qd7+ Kh6 43. Qe6 Qc1+ 44. Kh2 Bf2 45. h4 Qf4+ 0-1

[Event "27th CRO-chT 1A-Men 2018"]
[Site "Biograd"]
[Date "2018.09.15"]
[Round "8.10"]
[White "Bukal, Vladimir Jr"]
[Black "Mrkonjic, Nenad"]
[Result "0-1"]
[ECO "D02"]
[WhiteElo "2380"]
[BlackElo "2352"]
[Annotator "ChessBase"]
[PlyCount "122"]
[EventDate "2018.09.08"]
[EventType "team-tourn"]
[EventCountry "CRO"]
[SourceTitle "playchess.com"]
[Source "ChessBase"]
[SourceQuality "1"]
[TimeControl "40/5400+30:1800+30"]

1. d4 Nf6 2. Nf3 d5 3. Bf4 c6 4. e3 Bf5 5. Ne5 h6 6. Nd2 Nbd7 7. g4 Bh7 8. h4 e6 9. Nd3 c5 10. g5 Bxd3 11. Bxd3 hxg5 12. Bxg5 cxd4 13. exd4 Qb6 14. Nb3 Bd6 15. Qf3 Nh5 16. O-O-O Ndf6 17. Kb1 O-O-O 18. Bd2 Bc7 19. Rc1 Kb8 20. c4 Qc6 21. Nc5 Bb6 {[%emt 0:06:30] 5} 22. Qe3 dxc4 {[%emt 0:08:30] 2} 23. Bxc4 Ng4 {[%emt 0:03:30] ]} 24. Qe2 Rxd4 {[%emt 0:03:30] 7} 25. Nb3 Re4 {[%emt 0:00:30] 3} 26. Qf1 Nxf2 27. Rg1 Qd6 28. Rg5 Ng3 29. Qg2 Nf5 30. Qf3 Rhxh4 31. Bf1 g6 32. Qc3 Qd8 33. Nc5 Rd4 34. Be1 Ne4 35. Nxe4 Rhxe4 36. Rg3 a6 37. Rh3 Ka7 38. Bf2 Rd6 39. Rh8 Qd7 40. Bxb6+ Rxb6 41. Rc8 Qd4 42. Qc2 Ne3 43. Qh2 Qe5 44. Qxe5 Rxe5 45. Bd3 Rd5 46. Be4 Rd7 47. Bf3 Rbd6 48. a4 Nd5 49. a5 Rd8 50. R8c5 R6d7 51. Rf1 Rc7 52. Rxc7 Nxc7 53. Kc2 Kb8 54. Rh1 Nb5 55. Bg2 Kc7 56. Rh7 Rd7 57. b4 Kd6 58. Kd3 Ke5+ 59. Ke3 Nd6 60. Rh8 Rc7 61. Rb8 g5 0-1

[Event "27th CRO-chT 1A-Men 2018"]
[Site "Biograd"]
[Date "2018.09.15"]
[Round "8.11"]
[White "Feletar, Darko"]
[Black "Dutina, Dario"]
[Result "1-0"]
[ECO "C10"]
[WhiteElo "2364"]
[BlackElo "2245"]
[Annotator "ChessBase"]
[PlyCount "115"]
[EventDate "2018.09.08"]
[EventType "team-tourn"]
[EventCountry "CRO"]
[SourceTitle "playchess.com"]
[Source "ChessBase"]
[SourceQuality "1"]
[TimeControl "40/5400+30:1800+30"]

1. d4 {[%emt 0:02:30] 4} e6 {[%emt 0:00:30] 4} 2. e4 {[%emt 0:05:30] 4} d5 3. Nd2 dxe4 4. Nxe4 Nd7 5. Nf3 Ngf6 6. Nxf6+ Nxf6 7. c3 Bd6 8. Bd3 b6 9. Ne5 Bb7 10. Bb5+ Kf8 11. O-O c5 12. Bf4 Qc7 13. Qe2 a6 14. Ba4 b5 15. dxc5 Qxc5 16. Bb3 Bxe5 17. Bxe5 Ke7 18. Bd4 Qc6 19. f3 Rhe8 20. Qe5 Rac8 21. Rae1 {[%emt 0:03:30] 2} Kf8 22. Qg5 h6 23. Qg3 Qc7 24. f4 Re7 25. Re5 Bd5 26. Rfe1 Bxb3 27. axb3 Qd6 28. f5 Rc6 29. b4 Nd7 30. fxe6 fxe6 31. R5e3 Qxg3 32. Rxg3 e5 33. Rge3 Rce6 34. Bc5 Nxc5 35. bxc5 e4 36. b4 Ke8 37. Rd1 g5 38. Rd4 Kf7 39. Kf2 h5 40. Ke2 Kf6 41. c4 bxc4 42. Rxc4 Kf5 43. Ra3 Rc7 44. Ke3 h4 45. h3 Rcc6 46. Ra2 Re5 47. Rd4 Rce6 48. Rc4 Rc6 49. Ra1 Ree6 50. Rd4 Rc8 51. Rf1+ Kg6 52. Rxe4 Rxe4+ 53. Kxe4 a5 54. bxa5 Rxc5 55. Ra1 Rc8 56. a6 Re8+ 57. Kd5 Kf5 58. a7 1-0

[Event "27th CRO-chT 1A-Men 2018"]
[Site "Biograd"]
[Date "2018.09.15"]
[Round "8.12"]
[White "Bozinovic, Bogdan"]
[Black "Jukic, Branimir"]
[Result "0-1"]
[ECO "D85"]
[WhiteElo "2229"]
[BlackElo "2377"]
[Annotator "NA"]
[PlyCount "66"]
[EventDate "2018.09.08"]
[EventType "team-tourn"]
[EventCountry "CRO"]
[SourceTitle "playchess.com"]
[Source "ChessBase"]
[SourceQuality "1"]
[TimeControl "40/5400+30:1800+30"]

1. d4 {[%emt 0:00:30] 1} Nf6 {[%emt 0:02:30] 1} 2. c4 {[%emt 0:01:30] 1} g6 3. Nc3 d5 4. Nf3 Bg7 5. cxd5 Nxd5 6. e4 Nxc3 7. bxc3 c5 8. Rb1 O-O 9. Be2 cxd4 10. cxd4 Qa5+ 11. Bd2 Qxa2 12. O-O a5 13. Bg5 Qe6 {[%emt 0:00:30] D85: Exchange Grünfeld: Unusual White 7th moves and lines with 7 Nf3} (13... a4 14. Bxe7 Re8 15. Bd6 Rxe4 16. Rc1 Nc6 17. Bc4 Qb2 18. Rb1 Qc3 19. Bxf7+ Kxf7 20. Ng5+ Kg8 21. Nxe4 Qxd4 {1-0 (48) Navara,D (2616)-Zezulkin,J (2558) Ustron 2004}) 14. Qc2 Na6 15. Bc4 Qd6 16. h3 $146 ({Predecessor:} 16. Qb3 Nb4 17. e5 Qd8 18. d5 h6 19. Bh4 g5 20. Bg3 Bf5 21. Rbc1 {1-0 (38) Karner,C (2155)-Henni,M (2375) Zagan 1997}) 16... Nb4 17. Qd2 Qc6 18. Qe2 Qd6 19. Rfd1 b5 20. Bxb5 Bb7 21. d5 Rfc8 $2 ({Günstiger ist} 21... h6 $1 $14 22. Bc1 Rfc8) 22. e5 Qb6 $18 23. Ba4 Ba6 24. Qe4 Rc4 25. Rd4 Rxd4 26. Nxd4 Rb8 27. Rd1 Nd3 {[%emt 0:12:30] 1} 28. Be3 Qb4 29. Bc2 Nc5 30. Qf4 Qc4 31. Nc6 Qxc2 32. Nxb8 Qxd1+ 33. Kh2 Qxd5 0-1

[Event "27th CRO-chT 1A-Men 2018"]
[Site "Biograd"]
[Date "2018.09.15"]
[Round "8.29"]
[White "Brnas, Augustin"]
[Black "Loncar, Robert"]
[Result "0-1"]
[ECO "C70"]
[WhiteElo "2190"]
[BlackElo "2409"]
[Annotator "NA"]
[PlyCount "57"]
[EventDate "2018.09.08"]
[EventType "team-tourn"]
[EventCountry "CRO"]
[SourceTitle "playchess.com"]
[Source "ChessBase"]
[SourceQuality "1"]
[TimeControl "40/5400+30:1800+30"]

1. e4 e5 2. Nf3 Nc6 3. Bb5 a6 4. Ba4 b5 5. Bb3 g6 6. d4 exd4 7. Nxd4 Na5 8. a4 {[%emt 0:50:30] LiveBook: 5 Games} Nxb3 9. Nxb3 bxa4 10. Rxa4 $14 Bg7 11. Nc3 d6 12. Nd5 Bd7 13. Rc4 Rc8 14. Na5 Bb5 15. Rb4 c5 16. Nb7 Qd7 17. Nb6 Qxb7 18. Nxc8 Qxc8 19. Rb3 Qc7 20. Bf4 Be5 21. Bxe5 dxe5 22. Rc3 Nf6 23. Qf3 Qc6 24. Re3 O-O 25. Kd2 Qe6 26. h3 Bc6 27. Qe2 Qa2 28. b3 Qb2 29. Rd1 0-1

[Event "27th CRO-chT 1A-Men 2018"]
[Site "Biograd"]
[Date "2018.09.16"]
[Round "9.16"]
[White "Zovko, Mario"]
[Black "Biti, Ozren"]
[Result "1/2-1/2"]
[ECO "C62"]
[WhiteElo "2328"]
[BlackElo "2366"]
[Annotator "NA"]
[PlyCount "20"]
[EventDate "2018.09.08"]
[EventType "team-tourn"]
[EventCountry "CRO"]
[SourceTitle "playchess.com"]
[Source "ChessBase"]
[SourceQuality "1"]
[TimeControl "40/5400+30:1800+30"]

1. e4 e5 2. Nf3 Nf6 3. Nc3 Nc6 4. d4 exd4 5. Nxd4 d6 6. Bb5 Bd7 7. Bxc6 bxc6 8. O-O g6 9. Bg5 Bg7 10. Qf3 h6 1/2-1/2

[Event "27th CRO-chT 1A-Men 2018"]
[Site "Biograd"]
[Date "2018.09.16"]
[Round "9.17"]
[White "Medak, Bojan"]
[Black "Cosic, Marin"]
[Result "1/2-1/2"]
[ECO "D94"]
[WhiteElo "2367"]
[BlackElo "2227"]
[Annotator "NA"]
[PlyCount "21"]
[EventDate "2018.09.08"]
[EventType "team-tourn"]
[EventCountry "CRO"]
[SourceTitle "playchess.com"]
[Source "ChessBase"]
[SourceQuality "1"]
[TimeControl "40/5400+30:1800+30"]

1. d4 d5 2. c4 c6 3. Nf3 Nf6 4. Nc3 g6 5. e3 Bg7 6. Be2 O-O 7. O-O Bg4 8. cxd5 cxd5 9. h3 Bxf3 10. Bxf3 e6 11. b3 1/2-1/2